 Seeded DCSS version 0.30.0-10-gfe55d96785 (webtiles) character file.

Game seed: 15220233535097443495 (custom seed)

247 GigaChad the Shield-Bearer (level 6, -2/48 HPs)
             Began as a Formicid Fighter on May 16, 2023.
             Was an Initiate of the Shining One.
             Slain by Grinder (4 damage)
             ... on level 3 of the Dungeon.
             The game lasted 00:01:41 (1995 turns).

GigaChad the Shield-Bearer (Formicid Fighter)       Turns: 1995, Time: 00:01:41

Health: -2/48      AC:  9    Str: 23    XL:     6   Next: 33%
Magic:  6/6        EV:  8    Int:  7    God:    the Shining One [......]
Gold:   52         SH:  5    Dex: 13    Spells: 5/5 levels left

rFire   . . .        a - +1 war axe
rCold   . . .        c - +0 buckler
rNeg    . . .        k - +0 chain mail
rPois   .            (helmet unavailable)
rElec   .            (no cloak)
rCorr   .            (no gloves)
SInv    +            (no boots)
Will    .....        (no amulet) Stlth
                     (no ring)
HPRegen 0.28/turn    (no ring)
MPRegen 0.10/turn

%: no passive effects
@: glowing
A: permanent stasis, dig shafts and tunnels, antennae 3, four strong arms
a: Dig, Shaft Self, Renounce Religion


You were on level 3 of the Dungeon.
You worshipped the Shining One.
The Shining One was noncommittal.
You visited 1 branch of the dungeon, and saw 3 of its levels.

You collected 52 gold pieces.

Inventory:

Hand Weapons
 a - a +1 war axe (weapon)
Armour
 b - a +0 scale mail
 c - a +0 buckler (worn)
 k - a +0 chain mail (worn)
Jewellery
 h - a ring of flight
 i - a ring of protection from fire
Scrolls
 e - a scroll of identify
 f - a scroll of summoning
Potions
 d - a potion of might
 g - a potion of curing {unknown}
 j - a potion of flight {unknown}
 l - a potion of brilliance {unknown}
 n - a potion of heal wounds {unknown}
 o - a potion of cancellation {unknown}


   Skills:
 * Level 4.1 Fighting
 * Level 4.3 Axes
 * Level 4.7 Armour
 * Level 4.9 Shields


You had 5 spell levels left.
You didn't know any spells.
Your spell library contained the following spells:

 Spells                   Type           Power      Damage    Failure   Level
 Gell's Gravitas          Tloc           0%         N/A       100%        3
 Teleport Other           Tloc           0%         N/A       100%        3
 Dispersal                Tloc           0%         N/A       100%        6


Dungeon Overview and Level Annotations

Branches:
Dungeon (3/15)

Altars:
Sif Muna
The Shining One

Annotations:
D:3 1 runed translucent door, Crazy Yiuf, Grinder


Innate Abilities, Weirdness & Mutations

You cannot be hasted, slowed, berserked, paralysed or teleported.
You can dig through walls and to a lower floor.
You have a pair of large antennae on your head. (SInv)
Your four strong arms can wield two-handed weapons with a shield.


Message History

You barely miss Grinder.
Grinder is lightly wounded.
Grinder hits you but does no damage.
Unknown command.
You hit Grinder.
Grinder is moderately wounded.
Grinder hits you.
* * * LOW HITPOINT WARNING * * *
You writhe in agony.
* * * LOW HITPOINT WARNING * * *
Grinder barely misses you.
Unknown command.
You closely miss Grinder.
Grinder is moderately wounded.
Grinder closely misses you.
You hit Grinder but do no damage.
Grinder is moderately wounded.
Grinder misses you.
Unknown command.
Unknown command.
You hit Grinder but do no damage.
Grinder is moderately wounded.
Grinder hits you but does no damage. Grinder hits you.
* * * LOW HITPOINT WARNING * * *
You writhe in agony.
* * * LOW HITPOINT WARNING * * *
Unknown command.
You slash Grinder!
Grinder is heavily wounded.
Grinder hits you.
* * * LOW HITPOINT WARNING * * *
You writhe in agony.
* * * LOW HITPOINT WARNING * * *
Unknown command.
You closely miss Grinder.
Grinder is heavily wounded.
Grinder hits you. The Shining One protects you from harm!
You writhe in agony.
You die...

# # #. #.. #.# ###
#.# #... #.. #.# #.#
#...##.####.## #.#
#....##....#####.#
#..###.5.#.......##.#
......†@.........##.#
##....##.........##.#
#... ###.......##.#
.... #.....(....#.#
... ........[......#
## ....#####......##
[.#. ##......# # #
######...#
#......#.##


You could see Grinder.

Vanquished Creatures
  Sigmund (D:3)
  Jessica (D:2)
  An adder (D:2)
  5 dart slugs
  5 ball pythons
  6 endoplasms
  2 giant cockroaches (D:2)
  3 goblins (D:2)
  4 hobgoblins
  3 jackals (D:1)
  2 quokkas
  2 bats (D:2)
  2 kobolds (D:1)
  4 rats
41 creatures vanquished.

Notes
Turn   | Place    | Note
-------+----------+-------------------------------------------
     0 | D:1      | GigaChad the Formicid Fighter began the quest for the Orb.
     0 | D:1      | Reached XP level 1. HP: 18/18 MP: 1/1
   336 | D:1      | Reached XP level 2. HP: 19/24 MP: 2/2
   689 | D:1      | Found a faded altar of an unknown god.
   950 | D:2      | Reached XP level 3. HP: 25/29 MP: 3/3
  1208 | D:2      | Found a glowing golden altar of the Shining One.
  1216 | D:2      | Became a worshipper of the Shining One
  1359 | D:2      | Reached XP level 4. HP: 36/37 MP: 4/4
  1571 | D:2      | Noticed Jessica
  1580 | D:2      | Killed Jessica
  1863 | D:3      | Noticed Sigmund
  1871 | D:3      | Killed Sigmund
  1872 | D:3      | Reached XP level 5. HP: 34/42 MP: 5/5
  1872 | D:3      | Reached XP level 6. HP: 39/48 MP: 6/6
  1906 | D:3      | Found a runed translucent door.
  1907 | D:3      | Noticed Crazy Yiuf
  1932 | D:3      | Found a shimmering blue altar of Sif Muna.
  1981 | D:3      | Noticed Grinder
  1994 | D:3      | HP: 2/48 [Grinder (1)]
  1995 | D:3      | The Shining One protects you from harm!
  1995 | D:3      | Slain by Grinder

Illustrated notes

Levels and vault maps discovered:
D:1:      scummos_arrival_gate, layout_loops_corners,
          shapermc_ecumenical_altar_mp_ritualfount
D:2:      layout_loops_ring, basic_altar, roderic_lattice_a,
          kennysheep_jessica_study
D:3:      layout_rooms, nicolae_yredelemnul_ghost_church,
          mainiacjoe_overflow_six_doors_small, grunt_ministairs_11,
          uniq_natasha, uniq_crazy_yiuf_cottage, uniq_sigmund, uniq_grinder,
          uniq_robin

Skill      XL: |  1  2  3  4 |
---------------+-------------+-----
Axes           | 4 |  4.3
Armour         | 4 |  4.7
Fighting       | 4 |  4.1
Shields        | |  4.9

Action                     |  1- 3 |  4- 6 || total
---------------------------+-------+-------++-------
  Melee: War axe           |    71 |    31 ||   102
    Use: Scroll            |     4 |     1 ||     5
 Armour: Scale mail        |    24 |       ||    24
         Chain mail        |       |     8 ||     8
  Dodge: Dodged            |    35 |    10 ||    45
  Block: Buckler           |    14 |     4 ||    18
